 Dungeon Crawl Stone Soup version 0.29-a0-520-gc852659d43 (webtiles) character file.

Game seed: 9184893475881448249

4 MechDurjaeses the Cruncher (level 1, -1/17 HPs)
             Began as a Gnoll Wanderer on June 1, 2022.
             Slain by a jackal (3 damage)
             ... on level 1 of the Dungeon.
             The game lasted 00:02:20 (48 turns).

MechDurjaeses the Cruncher (Gnoll Wanderer)           Turns: 48, Time: 00:02:20

Health: -1/17      AC:  4    Str: 12    XL:     1   Next: 70%
Magic:  2/2        EV: 11    Int: 10    God:
Gold:   12         SH:  0    Dex: 11    Spells: 0/0 levels left

rFire   . . .      SeeInvis .   b - +0 spear
rCold   . . .      Faith    .   (no shield)
rNeg    . . .      Spirit   .   e - +0 leather armour
rPois   .          Reflect  .   f - +1 hat
rElec   .          Harm     .   (no cloak)
rCorr   .          Rampage  .   (no gloves)
Will    .....                   (no boots)
Stlth   +.........              (no amulet)
HPRegen 0.05/turn               (no ring)
MPRegen 0.08/turn               (no ring)

@: hasted, very quick
A: fangs 1, strong nose, distributed training
a: no special abilities


You were on level 1 of the Dungeon.
You visited 1 branch of the dungeon, and saw 1 of its levels.

You collected 12 gold pieces.

Inventory:

Hand Weapons
 a - a +2 quarterstaff
 b - a +0 spear (weapon)
Armour
 e - a +0 leather armour (worn)
 f - a +1 hat (worn)
Miscellaneous
 c - a piece from Xom's chessboard (14/15) (quivered)


   Skills:
 + Level 2.4 Fighting
 + Level 0.1 Short Blades
 + Level 0.1 Long Blades
 + Level 0.1 Axes
 + Level 0.1 Maces & Flails
 + Level 2.4 Polearms
 + Level 8.4 Staves
 + Level 0.1 Slings
 + Level 0.1 Bows
 + Level 0.1 Crossbows
 + Level 0.1 Throwing
 + Level 0.1 Armour
 + Level 0.1 Dodging
 + Level 0.1 Stealth
 + Level 0.1 Shields
 + Level 0.1 Unarmed Combat
 + Level 0.1 Spellcasting
 + Level 0.1 Conjurations
 + Level 0.1 Hexes
 + Level 0.1 Summonings
 + Level 0.1 Necromancy
 + Level 0.1 Translocations
 + Level 0.1 Transmutations
 + Level 0.1 Fire Magic
 + Level 0.1 Ice Magic
 + Level 0.1 Air Magic
 + Level 0.1 Earth Magic
 + Level 0.1 Poison Magic
 + Level 2.4 Invocations
 + Level 6.4 Evocations


You couldn't memorise any spells.
You didn't know any spells.
Your spell library was empty.

Dungeon Overview and Level Annotations

Branches:
Dungeon (1/15)

Altars:


Innate Abilities, Weirdness & Mutations

You have very sharp teeth.
Your uncanny sense of smell can sniff out nearby items.
Your experience applies equally to all skills.


Message History

The ball python hisses angrily.
The jackal bites you. x2; The jackal misses you.
The jackal bites you but does no damage.
Non-targeted evoke: piece from Xom's chessboard (15/15)
Press: ? - help, Q - select action Dir - look around, f - activate You make a move on Xom's chessboard...
The jackal flickers and vanishes!
Deactivating autopickup; reactivate with Ctrl-A.
Something bites you but does no damage. The jackal barely misses you.
Autopickup is now on.
The jackal attacks as you move away! The jackal closely misses you.
Something bites you.
Deactivating autopickup; reactivate with Ctrl-A.
Things that are here:
a +1 short sword of holy wrath; a kobold corpse You see here a jackal corpse.
Something bites you but does no damage.
There is an open door here.
Something you can't see is in the way.
You barely miss something. Something bites you but does no damage.
Something bites you. Something you can't see is in the way.
You barely miss something. Something bites you.
Reach: b) +0 spear
Press: ? - help, Dir - move target, p - jackal You miss something.
Something bites you but does no damage. Something bites you.
You are too injured to fight recklessly!
You are too injured to fight recklessly!
You barely miss something. You bite something.
Something bites you but does no damage.
You miss something. Something bites you.
* * * LOW HITPOINT WARNING * * *
Unknown command.
You feel yourself speed up. Something bites you.
* * * LOW HITPOINT WARNING * * *
Something bites you but does no damage.
You hit something.
Reactivating autopickup.
You feel a bit more experienced.
You barely miss the jackal. The jackal bites you.
You die...

.... #..# ...# ###
..# ###### .....#
#.8#.#######.#.###
#..........#..g..#
#...8..8..8###g#
#<.........@hS.#
#...8..8..8###.#
#..........# ..#
#.8#.#######....
###### #..... ∆
#...... #.......
#....^..#


You could see a jackal, a hobgoblin and a ball python.

Vanquished Creatures
  2 jackals (D:1)
  A kobold (D:1)
  A frilled lizard (D:1)
4 creatures vanquished.

Notes
Turn   | Place    | Note
-------+----------+-------------------------------------------
     0 | D:1      | MechDurjaeses the Gnoll Wanderer began the quest for the
                  | Orb.
     0 | D:1      | MechDurjaeses set off with the following items: a +2
                  | quarterstaff, a +0 spear, a piece from Xom's chessboard
                  | (15/15), a potion of haste, a +0 leather armour
     0 | D:1      | Reached XP level 1. HP: 17/17 MP: 2/2
    48 | D:1      | Slain by a jackal

Illustrated notes

Levels and vault maps discovered:
D:1:      elethiomel_arrival_quiet, layout_basic

Action                   || total
-------------------------++-------
Melee: Spear             ||    13
       Bite              ||     1
Evoke: Piece from Xom's  ||     1
  Use: Potion            ||     1
Armor: Leather armour    ||     9
Dodge: Dodged            ||     5

Table legend: (Time is in decaauts)
 A = Elapsed time spent in this place.
 B = Non-inter-level travel time spent in this place.
 C = Inter-level travel time spent in this place.
 D = Time resting spent in this place.
 E = Time spent auto-exploring this place.
 F = Levels seen in this place.
 G = Mean time per level.
                   A        B        C        D        E       F      G
               +--------+--------+--------+--------+--------+-----+--------+
         Total |     47 |     33 |     14 |      0 |      0 |   1 |   47.0 |
       Dungeon |     47 |     33 |     14 |      0 |      0 |   1 |   47.0 |
               +--------+--------+--------+--------+--------+-----+--------+

Top non-repeatable levels by time:
     D:1: 47 daAuts
